 Dungeon Crawl Stone Soup version 0.25.1-1-g288607f5aa (webtiles) character file.

Game seed: 15635081390197490632

49 Elvor the Bolt Thrower (level 3, -1/31 HPs)
             Began as a Minotaur Hunter on July 20, 2020.
             Slain by Crazy Yiuf
             ... wielding a +3 quarterstaff of chaos
              (3 damage)
             ... while petrified by Crazy Yiuf
             ... on level 2 of the Dungeon.
             The game lasted 00:10:44 (1243 turns).

Elvor the Bolt Thrower (Minotaur Hunter)            Turns: 1243, Time: 00:10:44

Health: -1/31      AC:  3    Str: 16 (17) XL:     3   Next: 51%
Magic:  0/2        EV:  2    Int:  3 (6)  God:
Gold:   90         SH:  0    Dex:  8 (10) Spells: 2/2 levels left

rFire    . . .     SeeInvis .   b - +0 short sword
rCold    . . .     Gourm    .   (no shield)
rNeg     + + +     Faith    .   c - +0 leather armour
rPois    ∞         Spirit   .   (helmet restricted)
rElec    .         Reflect  .   (no cloak)
rCorr    .         Harm     .   (no gloves)
MR       .....     Clarity  +   (no boots)
Stlth    +.........             (no amulet)
HPRegen  0.10/turn              (no ring)
MPRegen  0.08/turn              (no ring)

@: agile, lethally poisoned (-1 -> -1), petrified, hasted, lightly drained
A: retaliatory headbutt, horns 2, clarity, dopey 1
a: no special abilities


You were on level 2 of the Dungeon.
You were not hungry.

You visited 1 branch of the dungeon, and saw 2 of its levels.

You collected 90 gold pieces.

Inventory:

Hand Weapons
 a - a +1 hand crossbow
 b - a +0 short sword (weapon)
Missiles
 d - 60 bolts
 o - 11 poisoned darts (quivered)
Armour
 c - a +0 leather armour (worn)
Scrolls
 e - 7 scrolls of identify {unknown}
 h - a scroll of noise {unknown}
 j - a scroll of enchant weapon {unknown}
 k - 2 scrolls of blinking {unknown}
 m - 2 scrolls of random uselessness {unknown}
 n - a scroll of fear {unknown}
 q - 2 scrolls of immolation {unknown}
 r - a scroll of teleportation {unknown}
Potions
 i - 2 potions of haste
 l - a potion of mutation
 p - a potion of flight {unknown}
 s - a potion of degeneration
 t - a potion of cancellation {unknown}
Comestibles
 f - 6 rations
 g - a chunk of flesh


   Skills:
 * Level 3.0(2.7) Fighting
 + Level 5.4(5.0) Crossbows
 + Level 1.0(0.7) Armour
 + Level 2.2(1.9) Dodging
 + Level 0.7(0.4) Stealth


You had 2 spell levels left.
You didn't know any spells.
Your spell library was empty.

Dungeon Overview and Level Annotations

Branches:
Dungeon (2/15)

Altars:
Xom

Annotations:
D:2 Crazy Yiuf, Sigmund


Innate Abilities, Weirdness & Mutations

You reflexively headbutt those who attack you in melee.
You have a pair of horns on your head.
You possess an exceptional clarity of mind.
You are dopey. (Int -2)


Message History

It was a potion of mutation.
You feel extremely strange.
You feel stupid.
Your thoughts seem clearer.
Crazy Yiuf completely misses you.
Your limbs are stiffening.
It was a potion of degeneration.
There was something very wrong with that liquid.
You feel weakened.
You feel dopey.
You feel clumsy.
Crazy Yiuf hits you with a +3 quarterstaff of chaos.
You feel agile all of a sudden.
You have turned to stone.
Crazy Yiuf hits you with a +3 quarterstaff of chaos!
* * * LOW HITPOINT WARNING * * *
You feel your power leaking away.
Crazy Yiuf hits you with a +3 quarterstaff of chaos.
You feel as though your hastened speed will last longer.
Crazy Yiuf hits you with a +3 quarterstaff of chaos.
* * * LOW HITPOINT WARNING * * *
You are electrocuted!
* * * LOW HITPOINT WARNING * * *
Crazy Yiuf hits you with a +3 quarterstaff of chaos.
You die...

#. #. .##. #.##. #.##.
#.##( ### ###### #.##.
#)..### ##..#.###.##.
#...g@####......##.#..
#...##..#..........#..
### ###.#...#####.#..
####### #)#.. ### #.#.(
##### #.# #.#..
#.#.###########.###.#..
#.#.................#..
#.#############.#####..


You could see Crazy Yiuf.

Vanquished Creatures
  An adder (D:2)
  A worm (D:2)
  A dart slug (D:2)
  A leopard gecko (D:1)
  6 bats
  2 giant cockroaches (D:1)
  2 goblins (D:1)
  4 hobgoblins (D:1)
  4 frilled lizards
  4 kobolds
  9 rats
35 creatures vanquished.

Notes
Turn   | Place    | Note
-------+----------+-------------------------------------------
     0 | D:1      | Elvor the Minotaur Hunter began the quest for the Orb.
     0 | D:1      | Reached XP level 1. HP: 18/18 MP: 0/0
    52 | D:1      | Reached XP level 2. HP: 17/25 MP: 1/1
   211 | D:1      | Reached skill level 5 in Crossbows
   740 | D:2      | Reached XP level 3. HP: 30/30 MP: 2/2
   976 | D:2      | Found a shimmering altar of Xom.
  1031 | D:2      | Reached skill level 1 in Armour
  1072 | D:2      | Noticed Sigmund
  1229 | D:2      | Found a runed translucent door.
  1230 | D:2      | Noticed Crazy Yiuf
  1238 | D:2      | Gained mutation: You are dopey. (Int -2) [potion of
                  | mutation]
  1238 | D:2      | Gained mutation: You possess an exceptional clarity of
                  | mind. [potion of mutation]
  1243 | D:2      | Slain by Crazy Yiuf

Illustrated notes

Levels and vault maps discovered:
D:1:      dpeg_arrival_line_fractal, layout_loops_ring
D:2:      layout_basic, overflow_temple_1_default, lemuel_crystal_altar,
          first_ration, grunt_ministairs_2, uniq_sigmund,
          uniq_crazy_yiuf_cottage, uniq_robin

Skill      XL: |  1  2  3 |
---------------+----------+-----
Crossbows      | 5 |  5.4
Fighting       | 3 |  3.0
Armour         | 1 |  1.0
Dodging        | |  2.2
Stealth        | |  0.7

Action                   || total
-------------------------++-------
Melee: Short sword       ||    16
       Headbutt          ||     2
 Fire: Hand crossbow     ||    73
  Use: Potion            ||     3
  Eat: Chunk             ||     1
Armor: Leather armour    ||    11
Dodge: Dodged            ||    19
